 Dungeon Crawl Stone Soup version 0.30-a0-879-ga8ba668304 (webtiles) character file.

Game seed: 466022896348434226

431 EiAlmux the Covert (level 6, -3/42 HPs)
             Began as an Octopode Brigand on Mar 14, 2023.
             Was an Initiate of Dithmenos.
             Slain by Duvessa
             ... wielding a +0 rapier of venom
              (9 damage)
             ... on level 5 of the Dungeon.
             The game lasted 00:08:39 (3059 turns).

EiAlmux the Covert (Octopode Brigand)               Turns: 3059, Time: 00:08:40

Health: -3/42      AC:  1    Str: 10    XL:     6   Next: 99%
Magic:  6/6        EV: 14    Int: 14    God:    Dithmenos [......]
Gold:   149        SH:  0    Dex: 21    Spells: 5/5 levels left

rFire   . . .      SeeInvis .    q - +2 dagger (elec)
rCold   . . .      Faith    .    (no shield)
rNeg    . . .      Spirit   .    (helmet restricted)
rPois   .          Reflect  .    (no amulet)
rElec   .          Rampage  .    l - +6 ring of dexterity
rCorr   .                        (no ring)
Will    .....                    (no ring)
Stlth   +++++                    (no ring)
HPRegen 0.27/turn                (no ring)
MPRegen 0.10/turn                (no ring)
                                 (no ring)
                                 (no ring)

@: lethally poisoned (-3 -> -13)
A: almost no armour, amphibious, 8 rings, camouflage 1, gelatinous body 1,
(nimble swimmer 1), tentacles
a: Renounce Religion


You were on level 5 of the Dungeon.
You worshipped Dithmenos.
Dithmenos was noncommittal.
You visited 1 branch of the dungeon, and saw 5 of its levels.

You collected 149 gold pieces.

Inventory:

Hand Weapons
 a - a +2 dagger
 q - a +2 dagger of electrocution (weapon)
Missiles
 b - 6 poisoned darts (quivered)
 c - 3 curare-tipped darts
 v - 5 atropa-tipped darts
Jewellery
 l - a +6 ring of dexterity (left tentacle)
Wands
 r - a wand of mindburst (15)
 y - a wand of polymorph (3)
Scrolls
 d - 2 scrolls of enchant armour
 f - 2 scrolls of brand weapon
 h - a scroll of fog {unknown}
 i - 3 scrolls of immolation
 j - 3 scrolls of teleportation
 k - 3 scrolls of noise
 o - a scroll of silence {unknown}
 s - a scroll of vulnerability {unknown}
 u - a scroll of blinking {unknown}
 w - a scroll of enchant weapon {unknown}
 x - a scroll of amnesia {unknown}
Potions
 e - a potion of mutation {unknown}
 g - 3 potions of haste {unknown}
 m - 3 potions of lignification
 n - 2 potions of attraction {unknown}
 p - 2 potions of curing
 t - a potion of invisibility {unknown}


   Skills:
 + Level 3.6 Fighting
 + Level 3.7 Short Blades
 - Level 2.0 Throwing
 + Level 3.1 Dodging
 * Level 8.1 Stealth


You had 5 spell levels left.
You didn't know any spells.
Your spell library contained the following spells:

 Spells                   Type           Power      Damage    Failure   Level
 Freeze                   Ice            0%         1d3       28%         1
 Sandblast                Erth           0%         2d4       28%         1
 Passwall                 Tmut/Erth      0%         N/A       41%         2
 Frozen Ramparts          Ice            0%         1d1       65%         3
 Hailstorm                Conj/Ice       0%         3d3       65%         3
 Inner Flame              Hex/Fire       0%         N/A       65%         3
 Portal Projectile        Hex/Tloc       0%         N/A       65%         3
 Stone Arrow              Conj/Erth      0%         3d7       65%         3
 Tukima's Dance           Hex            0%         N/A       65%         3
 Vhi's Electric Charge    Tloc/Air       0%         N/A       65%         3
 Flame Wave               Conj/Fire      0%         2d4       96%         4
 Ice Form                 Ice/Tmut       0%         N/A       96%         4
 Sticky Flame             Conj/Fire      0%         2d3       96%         4
 Summon Ice Beast         Ice/Summ       0%         N/A       96%         4
 Arcjolt                  Conj/Air       0%         1d10      100%        5
 Blade Hands              Tmut           0%         N/A       100%        5
 Maxwell's Capacitive Co  Air            0%         ∞         100%        8


Dungeon Overview and Level Annotations

Branches:
Dungeon (5/15)
 Temple: D:4-7

Altars:
Dithmenos
Gozag
Xom

Shops:
D:1 [

Annotations:
D:5 Duvessa, Sigmund


Innate Abilities, Weirdness & Mutations

You cannot wear most types of armour.
You are amphibious.
You can wear up to eight rings at the same time.
Your skin changes colour to match your surroundings (Stealth+).
Your rubbery body absorbs attacks. (AC +1, EV +1)
((You are camouflaged when in or above water. (Stealth+)))
You have tentacles for arms and can constrict up to eight enemies at once.


Message History

The poisoned dart closely misses Duvessa.
Throw: 7 darts (poison)
Press: ? - help, Q - select action, (/) - cycle Shift-Dir - straight line, f/p - Duvessa
Aim: Duvessa, wielding a +0 rapier of venom and wearing a +0 ring mail (berserk, 71% to hit)
You throw a poisoned dart.
The poisoned dart barely misses Duvessa.
You hit Duvessa but do no damage. You grab Duvessa.
You constrict Duvessa, but do no damage.
Duvessa hits you with a +0 rapier of venom!!
You are lethally poisoned!
You hit Duvessa.
Duvessa is lightly wounded.
You constrict Duvessa, but do no damage.
You feel very sick. Duvessa completely misses you. x2
You are too injured to fight recklessly!
You hit Duvessa but do no damage. Lightning courses through Duvessa!
Duvessa is moderately wounded.
You constrict Duvessa, but do no damage.
You feel very sick. Duvessa closely misses you.
You hit Duvessa but do no damage.
Duvessa is moderately wounded.
You constrict Duvessa.
* * * LOW HITPOINT WARNING * * *
You feel very sick. Duvessa misses you.
You hit Duvessa but do no damage.
Duvessa is moderately wounded.
You constrict Duvessa, but do no damage.
* * * LOW HITPOINT WARNING * * *
You feel very sick. Duvessa barely misses you.
You hit Duvessa. You squeeze Duvessa, but do no damage.
Duvessa is moderately wounded.
You constrict Duvessa.
* * * LOW HITPOINT WARNING * * *
You feel sick.
Duvessa hits you with a +0 rapier of venom!
You die...

#..##....#
#........#
#.###...##
#.###.###..>#
#...........#
#####.####..#
#.# #..# #.#
#..# #@# ...#
......e?.....#
(..(....##.###
(.####### #


You could see Duvessa (berserk).

Vanquished Creatures
  2 phantoms (D:4)
  A scorpion (D:4)
  Dowan (D:5)
  A hound (D:4)
  An orc wizard (D:4)
  4 adders
  2 worms
  2 dart slugs (D:1)
  3 orcs
  5 ball pythons
  9 endoplasms
  4 giant cockroaches
  6 hobgoblins
  4 jackals (D:4)
  4 kobolds
  4 quokkas
  4 bats
  7 frilled lizards
  8 goblins
  3 rats
75 creatures vanquished.

Notes
Turn   | Place    | Note
-------+----------+-------------------------------------------
     0 | D:1      | EiAlmux the Octopode Brigand began the quest for the Orb.
     0 | D:1      | Reached XP level 1. HP: 14/14 MP: 1/1
   150 | D:1      | Reached XP level 2. HP: 19/19 MP: 2/2
   318 | D:1      | Reached XP level 3. HP: 14/25 MP: 3/3
   708 | D:1      | Found Daor's Armour Shop.
  1411 | D:2      | Reached skill level 6 in Stealth
  1411 | D:2      | Reached XP level 4. HP: 20/30 MP: 4/4
  2381 | D:4      | Reached XP level 5. HP: 33/36 MP: 5/5
  2438 | D:4      | Reached skill level 7 in Stealth
  2520 | D:4      | Noticed a phantom
  2528 | D:4      | Killed a phantom
  2529 | D:4      | Reached XP level 6. HP: 40/42 MP: 6/6
  2720 | D:4      | Found a shimmering altar of Xom.
  2720 | D:4      | Found a shadowy altar of Dithmenos.
  2720 | D:4      | Found an opulent altar of Gozag.
  2904 | D:4      | Became a worshipper of Dithmenos the Shadowed
  2927 | D:5      | Entered Level 5 of the Dungeon
  2976 | D:5      | Noticed Sigmund
  2998 | D:5      | Noticed Dowan
  2999 | D:5      | Noticed Duvessa
  3011 | D:5      | Killed Dowan
  3012 | D:5      | Reached skill level 8 in Stealth
  3059 | D:5      | Slain by Duvessa

Illustrated notes

Levels and vault maps discovered:
D:1:      dpeg_arrival_rhombi, layout_basic, serial_shops,
          nicolae_shop_advertising_works [nicolae_subvault_shop_adworks]
D:2:      layout_basic, minmay_misc_feat_iff
D:3:      minmay_general_purpose_star, layout_rooms
D:4:      layout_basic, gammafunk_temple_overflow_claw
D:5:      layout_loops_ring, serial_shops, nicolae_square_shop, uniq_sigmund,
          uniq_crazy_yiuf_cottage, uniq_duvessa

Skill      XL: |  1  2  3  4  5  6 |
---------------+-------------------+-----
Stealth        | 6 7 8 |  8.1
Dodging        | 2 3 |  3.1
Short Blades   | 3 |  3.7
Fighting       | 3 |  3.6
Throwing       | |  2.0

Action                     |  1- 3 |  4- 6 || total
---------------------------+-------+-------++-------
  Melee: Dagger            |    54 |    85 ||   139
         Tentacles         |    10 |    16 ||    26
         Constrict         |    11 |    18 ||    29
         Punch             |       |     1 ||     1
  Throw: Dart              |       |     3 ||     3
    Use: Scroll            |       |     7 ||     7
   Stab: Sleeping          |    11 |    12 ||    23
 Armour: Skin              |     2 |     3 ||     5
  Dodge: Dodged            |    20 |    34 ||    54

Table legend: (Time is in decaauts)
 A = Elapsed time spent in this place.
 B = Non-inter-level travel time spent in this place.
 C = Inter-level travel time spent in this place.
 D = Time resting spent in this place.
 E = Time spent auto-exploring this place.
 F = Levels seen in this place.
 G = Mean time per level.
                   A        B        C        D        E       F      G
               +--------+--------+--------+--------+--------+-----+--------+
         Total |   3037 |   2909 |    128 |      8 |   2360 |   5 |  607.4 |
       Dungeon |   3037 |   2909 |    128 |      8 |   2360 |   5 |  607.4 |
               +--------+--------+--------+--------+--------+-----+--------+

Top non-repeatable levels by time:
     D:1: 1010 daAuts
     D:2: 726 daAuts
     D:4: 616 daAuts
     D:3: 554 daAuts
     D:5: 129 daAuts
